 Dungeon Crawl Stone Soup version 0.27-a0-861-g9529aa9bf3 (webtiles) character file.

Game seed: 2231515285473377159

226 EnegeticOcto the Skirmisher (level 5, -4/46 HPs)
             Began as a Palentonga Arcane Marksman on Apr 2, 2021.
             Was a Follower of Okawaru.
             Slain by Edmund
             ... wielding a +2 vorpal dire flail
              (11 damage)
             ... on level 4 of the Dungeon.
             The game lasted 00:04:34 (4165 turns).

EnegeticOcto the Skirmisher (PaAM)                  Turns: 4165, Time: 00:04:34

Health: -4/46      AC:  8    Str: 15    XL:     5   Next: 69%
Magic:  6/6        EV:  4    Int: 11    God:    Okawaru [*.....]
Gold:   69         SH:  0    Dex:  8    Spells: 5/6 levels left

rFire    . . .     SeeInvis +   r - +4 flail
rCold    . . .     Faith    .   (no shield)
rNeg     + . .     Spirit   .   g - +0 chain mail
rPois    +         Reflect  .   (no helmet)
rElec    .         Harm     .   (no cloak)
rCorr    .         Rampage  .   t - +0 pair of gloves
Will     .....                  (no barding)
Stlth    ..........             (no amulet)
HPRegen  0.15/turn              e - ring of positive energy
MPRegen  0.10/turn              (no ring)

@: hasted, very quick
A: large, rugged brown scales 3, see invisible, deformed body, roll 1, armoured
tail, fangs 1, clumsy 1, dopey 1, poison resistance
a: Rolling Charge, Renounce Religion, Heroism


You were on level 4 of the Dungeon.
You worshipped Okawaru.
Okawaru was aware of your devotion.
You visited 1 branch of the dungeon, and saw 4 of its levels.

You collected 69 gold pieces.

Inventory:

Hand Weapons
 f - a +0 trident
   (You found it on level 1 of the Dungeon)
 r - a +4 flail (weapon)
   (You took it off a gnoll on level 3 of the Dungeon)
Missiles
 c - 6 javelins
 d - 2 throwing nets {!f}
 h - 13 poisoned darts (quivered)
Armour
 a - a +0 robe
 g - a +0 chain mail (worn)
   (You found it on level 1 of the Dungeon)
 t - a +0 pair of gloves (worn)
   (You found it on level 4 of the Dungeon)
Jewellery
 e - a ring of positive energy (left hand)
   (You found it on level 1 of the Dungeon)
Scrolls
 b - a scroll of vulnerability {unknown}
 l - 3 scrolls of teleportation {unknown}
 n - a scroll of immolation {unknown}
 o - a scroll of blinking {unknown}
 q - 2 scrolls of identify {unknown}
 s - 2 scrolls of amnesia {unknown}
Potions
 k - a potion of mutation
 m - a potion of resistance {unknown}


   Skills:
 + Level 4.4 Fighting
 * Level 2.0 Maces & Flails
 - Level 1.3 Throwing
 - Level 1.5 Dodging
 - Level 1.0 Spellcasting
 - Level 3.0 Hexes
 + Level 2.5 Invocations


You had 5 spell levels left.
You knew the following spells:

 Your Spells              Type           Power      Damage    Failure   Level
a - Corona                Hex            7%         N/A       94%         1

Your spell library contained the following spells:

 Spells                   Type           Power      Damage    Failure   Level
 Slow                     Hex            7%         N/A       98%         2
 Sandblast                Erth           0%         2d4       100%        1
 Passwall                 Tmut/Erth      0%         N/A       100%        2
 Inner Flame              Hex/Fire       3%         N/A       100%        3
 Portal Projectile        Hex/Tloc       6%         N/A       100%        3
 Stone Arrow              Conj/Erth      0%         3d7       100%        3
 Cause Fear               Hex            3%         N/A       100%        4
 Leda's Liquefaction      Hex/Erth       1%         N/A       100%        4
 Petrify                  Tmut/Erth      0%         N/A       100%        4
 Lee's Rapid Deconstruct  Erth           0%         3d5*      100%        5


Dungeon Overview and Level Annotations

Branches:
Dungeon (4/15)
 Temple: D:4-7

Altars:
Makhleb
Okawaru

Annotations:
D:4 Edmund


Innate Abilities, Weirdness & Mutations

You are completely covered in rugged brown scales. (AC +3, +7% HP)
You have supernaturally acute eyesight. (SInv)
Armour fits poorly on your strangely shaped body.
You can roll at nearby foes to attack.
You have a long armoured tail.
You have very sharp teeth.
You are clumsy. (Dex -2)
You are dopey. (Int -2)
Your system is resistant to poisons. (rPois)


Message History

Aim: a scorpion (lightly wounded, poisoned, 56% to hit)
You throw a poisoned dart. The poisoned dart hits the scorpion.
The scorpion looks even sicker.
The scorpion is lightly wounded.
Throw: 13 darts (poison)
Press: ? - help, Q - select action, (/) - cycle Shift-Dir - straight line, f/p - scorpion
Aim: a scorpion (moderately wounded, very poisoned, 56% to hit)
You throw a poisoned dart. The poisoned dart hits the scorpion.
The scorpion looks even sicker.
The scorpion is moderately wounded.
An adder comes into view.
Okawaru accepts your kill.
You feel a bit more experienced.
You see here a +0 pair of gloves.
You start putting on your armour.
You continue putting on your +0 pair of gloves. x4
You finish putting on your +0 pair of gloves.
An adder is nearby!
Throw: 12 darts (poison)
Press: ? - help, Q - select action, (/) - cycle Shift-Dir - straight line, f - adder
Aim: an adder (wandering, hasn't noticed you, 32% to hit)
You throw a poisoned dart.
The poisoned dart barely misses the adder.
The adder hisses angrily.
Throw: 11 darts (poison)
Press: ? - help, Q - select action, (/) - cycle Shift-Dir - straight line, f/p - adder
Aim: an adder (35% to hit)
You throw a poisoned dart. The poisoned dart misses the adder.
Throw: 10 darts (poison)
Press: ? - help, Q - select action, (/) - cycle Shift-Dir - straight line, f/p - adder
Aim: an adder (35% to hit)
You throw a poisoned dart. The poisoned dart hits the adder.
The adder is poisoned.
You sock the adder!
The adder is severely wounded.
The adder bites you but does no damage.
You sock the adder!
You kill the adder!
Okawaru accepts your kill.
Your Maces & Flails skill increases to level 2!
No target in view!
No target in view!
No target in view!
No target in view!
No target in view!
No target in view!
No target in view!
No target in view!
h - 10 poisoned darts (gained 1)
h - 11 poisoned darts (gained 1)
Found an escape hatch in the ceiling.
h - 13 poisoned darts (gained 2)
You see here a +2 dagger of flaming.
You see here a +2 dagger of flaming.
There is an escape hatch in the ceiling here.
Edmund the Younger comes into view.
He is wielding a +2 vorpal dire flail.
Edmund shouts!
You gain the combat prowess of a mighty hero.
Edmund gestures with his flail.
Edmund hits you with a +2 vorpal dire flail.
You barely miss Edmund. Edmund hits you but does no damage.
You thump Edmund!
Edmund is moderately wounded.
Edmund hits you with a +2 vorpal dire flail!
You closely miss Edmund.
Edmund is moderately wounded.
Edmund hits you but does no damage.
You hit Edmund.
Edmund is heavily wounded.
Edmund says, "People accused me of being a cutpurse!"
Edmund hits you with a +2 vorpal dire flail! x2
* * * LOW HITPOINT WARNING * * *
There is an escape hatch in the ceiling here.
You feel like a meek peon again.
Okay, then.
Okay, then.
It was a potion of mutation.
You feel extremely strange.
Your teeth lengthen and sharpen.
You feel clumsy.
You feel stupid.
You feel resistant to poisons. Edmund hits you but does no damage.
It was a potion of curing.
You feel better.
Edmund hits you with a +2 vorpal dire flail!
* * * LOW HITPOINT WARNING * * *
x2 It was a potion of attraction.
You feel attractive to monsters.
Edmund hits you with a +2 vorpal dire flail.
* * * LOW HITPOINT WARNING * * *
x2 Edmund is pulled toward you!
Edmund hits you with a +2 vorpal dire flail.
* * * LOW HITPOINT WARNING * * *
x2 Really quaff
p - a potion of curing {@q1 !q}?
You feel better.
Edmund hits you with a +2 vorpal dire flail.
* * * LOW HITPOINT WARNING * * *
x2 Edmund is pulled toward you!
Edmund says, "People think my brother is the best.
I think he's crazy."
You feel less attractive to monsters.
It was a potion of haste.
You feel yourself speed up.
Edmund hits you with a +2 vorpal dire flail!
You die...

#.#####.## #.# #. ###
#.# #. ### #.#
#.#########.###.#
#............##.##
#########........####
#............#
##........##.##
#....##@##...###
#.#.###.@.....<#
#.#.# ####...#.#
#.#.# ##.##.# #.#<#
#.##.#
#.#.#######.##.#
#...........##.#
######.#######.# ###
#.#


You could see Edmund.

Vanquished Creatures
  A scorpion (D:4)
  Robin (D:3)
  3 gnolls (D:3)
  5 adders
  2 worms
  A dart slug (D:3)
  3 orcs (D:3)
  3 endoplasms
  A giant cockroach (D:3)
  11 goblins
  9 hobgoblins
  4 jackals
  A quokka (D:1)
  6 ball pythons
  9 bats
  6 frilled lizards
  4 kobolds
  5 rats
75 creatures vanquished.

Notes
Turn   | Place    | Note
-------+----------+-------------------------------------------
     0 | D:1      | EnegeticOcto the Palentonga Arcane Marksman began the quest
                  | for the Orb.
     0 | D:1      | Reached XP level 1. HP: 16/16 MP: 2/2
   724 | D:1      | Reached skill level 2 in Fighting
   959 | D:1      | Reached XP level 2. HP: 23/23 MP: 3/3
  1524 | D:2      | Found a burning altar of Makhleb.
  1739 | D:2      | Reached skill level 3 in Fighting
  1754 | D:2      | Reached XP level 3. HP: 18/31 MP: 4/4
  2422 | D:2      | Found a faded altar of an unknown god.
  2433 | D:2      | Became a worshipper of Warmaster Okawaru
  2433 | D:2      | Reached * piety under Okawaru
  2873 | D:3      | Reached XP level 4. HP: 38/39 MP: 5/5
  2928 | D:3      | Reached skill level 1 in Invocations
  3243 | D:3      | Reached skill level 4 in Fighting
  3379 | D:3      | Reached skill level 2 in Invocations
  3752 | D:4      | Identified the -6 helmet "Orphafauz" {Rampage rPois rF-
                  | rN++}
  3752 | D:4      | Noticed Robin
  3759 | D:3      | Reached XP level 5. HP: 42/44 MP: 6/6
  3824 | D:4      | Noticed an orc warrior
  3831 | D:3      | Reached skill level 1 in Maces & Flails
  3843 | D:3      | Killed Robin
  4074 | D:4      | Reached skill level 2 in Maces & Flails
  4100 | D:4      | Noticed Edmund
  4130 | D:4      | Gained mutation: You have very sharp teeth. [potion of
                  | mutation]
  4130 | D:4      | Gained mutation: You are clumsy. (Dex -2) [potion of
                  | mutation]
  4130 | D:4      | Gained mutation: You are dopey. (Int -2) [potion of
                  | mutation]
  4130 | D:4      | Gained mutation: Your system is resistant to poisons.
                  | (rPois) [potion of mutation]
  4142 | D:4      | HP: 2/46 [Edmund/+2 vorpal dire flail (3)]
  4165 | D:4      | Slain by Edmund

Illustrated notes

Levels and vault maps discovered:
D:1:      eino_arrival_cavern_e, layout_loops_corners,
          chequers_serial_rivers_large_a, due_unseen_surprise
D:2:      layout_basic, basic_ecumenical_altar, basic_altar
D:3:      minmay_wonky_spiral, layout_basic
D:4:      layout_loops_ring, amethyst_overflow_temple_binary,
          minmay_temple_entry_antechambers, uniq_robin, uniq_sigmund,
          uniq_edmund

Skill      XL: |  1  2  3  4  5 |
---------------+----------------+-----
Fighting       | 2 3 4 |  4.4
Invocations    | 2 |  2.5
Maces & Flails | 2 |  2.0
Throwing       | |  1.3
Dodging        | |  1.5
Spellcasting   | |  1.0
Hexes          | |  3.0

Action                   |  1- 3 |  4- 6 || total
-------------------------+-------+-------++-------
Melee: Unarmed           |    39 |       ||    39
       Tailslap          |     7 |    12 ||    19
       Trident           |    69 |    44 ||   113
       Flail             |       |    46 ||    46
Throw: Javelin           |    19 |     4 ||    23
       Dart              |       |     6 ||     6
Invok: Heroism           |     1 |     2 ||     3
  Use: Potion            |       |     5 ||     5
Armor: Robe              |    27 |       ||    27
       Chain mail        |    41 |    72 ||   113
Dodge: Dodged            |    56 |    21 ||    77

Table legend: (Time is in decaauts)
 A = Elapsed time spent in this place.
 B = Non-inter-level travel time spent in this place.
 C = Inter-level travel time spent in this place.
 D = Time resting spent in this place.
 E = Time spent auto-exploring this place.
 F = Levels seen in this place.
 G = Mean time per level.
                   A        B        C        D        E       F      G
               +--------+--------+--------+--------+--------+-----+--------+
         Total |   4234 |   4102 |    132 |    657 |   2797 |   4 | 1058.5 |
       Dungeon |   4234 |   4102 |    132 |    657 |   2797 |   4 | 1058.5 |
               +--------+--------+--------+--------+--------+-----+--------+

Top non-repeatable levels by time:
     D:1: 1693 daAuts
     D:3: 1452 daAuts
     D:2: 901 daAuts
     D:4: 186 daAuts
